[Event "Late-Titled-Tuesday-Blitz-April-16-2024"]
[Site "Chess.com"]
[Date "2024.04.16"]
[Round "8"]
[White "XDPS"]
[Black "artin10862"]
[Result "0-1"]
[WhiteElo "2824"]
[BlackElo "2943"]
[TimeControl "180+1"]
[EndTime "15:25:51 PDT"]
[Termination "artin10862 won on time"]

1. e4 g6 2. d4 Bg7 3. Nf3 d6 4. Be2 Nf6 5. Nc3 a6 6. O-O O-O 7. Re1 b5 8. a4 b4 9. Nd5 Nxd5 10. exd5 Bb7 11. Bc4 Nd7 12. Bg5 Bf6 13. Bh6 Bg7 14.
Bg5 Re8 15. a5 Nf6 16. Bxf6 Bxf6 17. Qd2 Rb8 18. Ra4 c5 19. Qd3 Qc8 20. Raa1 Kg7 21. Rad1 Qc7 22. Bxa6 Qxa5 23. Bc4 Qb6 24. b3 Ra8 25. h4 Rec8 26. h5 Ba6 27. Bxa6 Qxa6 28. Qe4 c4 29. g4 g5 30. h6+ Kxh6 31. Kg2 Kg7 32. Rh1 h6 33. Rxh6 Kxh6 34. Rh1+ Kg7 35.
Qh7+ Kf8 36. Nxg5 Ke8 37. Qxf7+ Kd7 38. Ne4 Bxd4 39. Rh7 Re8 40. Qe6+ Kd8 41. Ng5 Qc8 42. Qe4 Bf6 43. Ne6+ Kd7 44. g5 Rg8 45. Qf5 cxb3 46. cxb3 Qc3 47. Ng7+ Kc7 48. gxf6 Qxf6 49. Qxf6 exf6 50.
Kf3 Kb6 51. Ke4 Ra7 0-1

[Event "Late-Titled-Tuesday-Blitz-April-16-2024"]
[Site "Chess.com"]
[Date "2024.04.16"]
[Round "8"]
[White "Agustin_Meza"]
[Black "esrosenberg"]
[Result "0-1"]
[WhiteElo "2193"]
[BlackElo "2330"]
[TimeControl "180+1"]
[EndTime "15:25:53 PDT"]
[Termination "esrosenberg won by checkmate"]

1. e4 c5 2. Nf3 e6 3. d4 cxd4 4. Nxd4 Nf6 5. Nc3 Nc6 6. Bc4 Bb4 7. Nxc6 bxc6 8. Qf3 d5 9. exd5 cxd5 10. Bb5+ Bd7 11.
O-O O-O 12. Bxd7 Qxd7 13. Ne2 Ne4 14. c3 Bd6 15. h3 Rab8 16. Nd4 Rfc8 17. Qg4 f5 18.
Qe2 e5 19. Nb3 a5 20. f3 Ng3 21. Qd1 Nxf1 22. Qxf1 a4 23. Nd2 e4 24. fxe4 dxe4 25.
Kh1 Qe6 26. Qe2 Qe5 27. Nf1 f4 28. Bd2 f3 29. gxf3 exf3 30. Qd3 Rxb2 31. Re1 Qf6 32.
Qd5+ Kh8 33. Bg5 Qxc3 34. Qe6 Rbb8 35. Rc1 Qxc1 36. Bxc1 Rxc1 37. Qxd6 Rxf1+ 38. Kh2 Rfb1 39. Kg3 R1b6 40. Qc7 Rg6+ 41. Kxf3 Rf8+ 42. Ke4 h6 43. Qe7 Rff6 44. Qe8+ Kh7 45. Qxa4 Rg2 46. Ke3 Rg3+ 47.
Ke2 Rxh3 48. Qe4+ Rg6 49. a4 Rg3 50. a5 Rg4 51. Qf5 Rg5 52. Qf7 Rxa5 53. Kf3 Rf6+ 54. Qxf6 gxf6 55. Kg4 Kg6 56. Kh4 Rg5 57. Kh3 Kf5 58. Kh4 Kf4 59. Kh3 Rg4 60. Kh2 Rg3 61. Kh1 Kf3 62. Kh2 Kf2 63. Kh1 Rh3# 0-1

[Event "Late-Titled-Tuesday-Blitz-April-16-2024"]
[Site "Chess.com"]
[Date "2024.04.16"]
[Round "8"]
[White "vladislavkovalev"]
[Black "diokletian"]
[Result "1-0"]
[WhiteElo "2867"]
[BlackElo "2681"]
[TimeControl "180+1"]
[EndTime "15:25:54 PDT"]
[Termination "vladislavkovalev won by resignation"]

1. e4 e6 2. d4 d5 3. Nd2 dxe4 4. Nxe4 Nd7 5. Nf3 Ngf6 6. Bd3 c5 7. O-O Nxe4 8. Bxe4 Nf6 9. Bg5 cxd4 10. Nxd4 Bc5 11.
Nb3 Qxd1 12. Raxd1 Bb6 13. Bf3 Ke7 14. c4 Bc7 15.
Be3 Rd8 16. Bc5+ Ke8 17. Rxd8+ Bxd8 18. Rd1 Bb6 19. Bd6 Bd8 20. Nc5 Be7 21. Nxb7 Bxb7 22. Bxb7 Rd8 23. Bc6+ Kf8 24. Bxe7+ Kxe7 25. Rxd8 Kxd8 26.
f4 Kc7 27. Bf3 a5 28. Kf2 Kd6 29. Ke3 Kc5 30. Kd3 Kb4 31. Bd1 h6 32. a3+ Kc5 33. Bf3 g5 34. fxg5 hxg5 35. Kc3 a4 36. Kd3 e5 37. Bd1 e4+ 38. Kc3 e3 39. Bxa4 Ne4+ 40. Kd3 Nf2+ 41. Kxe3 Ng4+ 42. Kd3 Nf2+ 43. Kc3 Ne4+ 44. Kd3 Nf2+ 45. Ke2 Ng4 46. Bb5 Nxh2 47. Kd3 Ng4 48. b4+ Kb6 49. a4 f5 50. c5+ Kc7 51. a5 f4 52. a6 Ne5+ 53. Ke4 Nf7 54. Bc4 Nd8 55. b5 1-0

[Event "Late-Titled-Tuesday-Blitz-April-16-2024"]
[Site "Chess.com"]
[Date "2024.04.16"]
[Round "8"]
[White "Itay121"]
[Black "AlexPapasimakopoulos"]
[Result "0-1"]
[WhiteElo "2530"]
[BlackElo "2646"]
[TimeControl "180+1"]
[EndTime "15:25:55 PDT"]
[Termination "AlexPapasimakopoulos won on time"]

1. e4 e6 2. d4 d5 3. exd5 exd5 4.
Bd3 Nc6 5. c3 Bd6 6. Ne2 Qh4 7.
Nd2 Bg4 8. Qb3 O-O-O 9. Nf1 Nf6 10. Be3 Rhe8 11. O-O-O Bxe2 12. Bxe2 Bf4 13. g3 Bxe3+ 14.
Nxe3 Qg5 15. Bd3 Kb8 16. Kb1 g6 17. Qc2 h5 18. h4 Qh6 19. Rhe1 a6 20. Ng2 Ng4 21.
Nf4 Qf8 22. Rxe8 Qxe8 23. Qd2 Qd7 24. Re1 Ne7 25. Qe2 Nf5 26. Qf3 c6 27. Qe2 Nd6 28.
f3 Nh6 29. Qd2 Nhf5 30. Qf2 Re8 31. Re5 Rxe5 32. dxe5 Nc4 33. Bxc4 dxc4 34. Kc1 Qe7 35. e6 fxe6 36. Nxg6 Qg7 37. Nf4 e5 38. Nxh5 Qh6+ 39. Qd2 Qxh5 40. g4 Qxh4 41. gxf5 Kc7 42. Qe3 Qf4 43.
Kd2 Qxf5 44. Qf2 Qf4+ 45. Kc2 e4 46. Qd4 Qh2+ 47. Kc1 Qh1+ 48. Kc2 Qg2+ 49. Kc1 Qf1+ 50. Kd2 Qd3+ 51. Qxd3 exd3 52. a4 b5 53. a5 Kd6 54.
Ke3 Ke5 55. b4 cxb3 56. Kxd3 c5 57. c4 b4 0-1

[Event "Late-Titled-Tuesday-Blitz-April-16-2024"]
[Site "Chess.com"]
[Date "2024.04.16"]
[Round "8"]
[White "Meri-Arabidze"]
[Black "Savagelittlemole"]
[Result "1-0"]
[WhiteElo "2650"]
[BlackElo "2492"]
[TimeControl "180+1"]
[EndTime "15:25:56 PDT"]
[Termination "Meri-Arabidze won by resignation"]

1. d4 g6 2. g3 Bg7 3. Bg2 d6 4. Nf3 Nf6 5. O-O O-O 6. a4 c5 7. dxc5 dxc5 8. Qxd8 Rxd8 9. a5 a6 10. Nc3 Nc6 11. Na4 Nd7 12. Bd2 Nd4 13. Nxd4 cxd4 14. Bb4 e5 15. c3 Nf6 16. Nb6 Rb8 17. Be7 Bg4 18. Bxd8 Rxd8 19. Rfe1 Nd7 20. Bxb7 Nxb6 21. axb6 Rb8 22. Bxa6 Rxb6 23. cxd4 exd4 24. Reb1 Bh6 25. Bd3 Bd2 26. Ra6 Rb4 27. b3 Bc3 28. Bc4 Bf5 29. Rc1 Rb7 30. Kg2 Bb2 31. Rd1 Bc3 32. Ra2 Kg7 33. f3 h5 34. h3 Re7 35. g4 hxg4 36.
hxg4 Bc8 37. Kf2 Be6 38. Bxe6 Rxe6 39. Rb1 Rb6 40. Ra4 Bb4 41. Ra8 Kf6 42. Rc8 Bd2 43. Rc4 Be3+ 44. Kg2 Rb8 45. b4 Rh8 46. b5 Kg5 47. b6 Bf4 48. Rh1 Rb8 49. Rc5+ Kf6 50. Rb5 Kg7 51. b7 Bc7 52. Rc1 Bf4 53. Rc8 f5 54. Rxb8 Bxb8 55. gxf5 gxf5 56. Rxf5 Bc7 57. Rc5 Bf4 58. Rc8 Kg6 59. b8=Q 1-0

[Event "Late-Titled-Tuesday-Blitz-April-16-2024"]
[Site "Chess.com"]
[Date "2024.04.16"]
[Round "8"]
[White "kleber2007"]
[Black "Bkmzzzzz"]
[Result "1/2-1/2"]
[WhiteElo "2525"]
[BlackElo "2393"]
[TimeControl "180+1"]
[EndTime "15:25:56 PDT"]
[Termination "Game drawn by repetition"]

1. Nf3 d6 2. d4 Nd7 3. c4 f5 4.
Nc3 Ngf6 5. g3 e5 6. Bg2 e4 7. Ng5 Qe7 8. h4 h6 9. Nh3 g6 10. Nf4 Kf7 11. Qb3 c6 12. c5+ d5 13. h5 Nxh5 14.
Nxh5 gxh5 15. Bf4 Bg7 16. e3 Nf6 17. Bd6 Qd8 18. Ne2 b5 19. Nf4 Ne8 20. Be5 Bxe5 21. dxe5 Qe7 22. Qc3 Ng7 23. Bf1 Re8 24. Be2 Qxe5 25.
Bxh5+ Nxh5 26. Rxh5 Qxc3+ 27. bxc3 Kg7 28. Kd2 Bd7 29.
Rah1 Rh8 30. R5h4 Be8 31. Ne6+ Kg6 32. Nd4 Bd7 33. Rh5 a5 34. a3 Rab8 35. R5h4 b4 36. axb4 axb4 37. cxb4 Rxb4 38. Ra1 Rhb8 39. Ke2 Rb2+ 40.
Kf1 Rb1+ 41. Rxb1 Rxb1+ 42. Kg2 Rc1 43. Rh1 Rxc5 44. Ra1 Be8 45. Ra7 Bf7 46. Rc7 Rc4 47. Rxc6+ Rxc6 48. Nxc6 Kf6 49. Nd4 Be6 50. Kf1 Bd7 51. Ke2 Ke5 52. Kd2 Kd6 53. Ne2 Kc5 54. Nd4 Kc4 55. Nc2 Ba4 56. Nd4 Bd7 57. Ne2 Kc5 58. Kc3 Bb5 59. Nd4 Bd7 60. Nb3+ Kd6 61. Kd4 Bc8 62. Nc5 h5 63. Nb3 Bd7 64. Nd2 Ba4 65.
Nb1 Bb5 66. Nc3 Bc4 67. Na4 Kc6 68. Nc3 Kd6 69. Na4 Bb3 70. Nc3 Bc4 1/2-1/2

[Event "Late-Titled-Tuesday-Blitz-April-16-2024"]
[Site "Chess.com"]
[Date "2024.04.16"]
[Round "8"]
[White "protectiago"]
[Black "HanSchut"]
[Result "0-1"]
[WhiteElo "2053"]
[BlackElo "2320"]
[TimeControl "180+1"]
[EndTime "15:25:56 PDT"]
[Termination "HanSchut won on time"]

1. d4 Nf6 2. c4 g6 3. Nc3 d5 4.
cxd5 Nxd5 5. e4 Nxc3 6. bxc3 Bg7 7. Be3 c5 8. Rc1 Qa5 9. Qd2 cxd4 10. cxd4 Qxd2+ 11. Kxd2 O-O 12. Bb5 Rd8 13. Ne2 Nc6 14. Bxc6 bxc6 15.
f3 e5 16. Rxc6 exd4 17. Bg5 Rd7 18. Rb1 h6 19. Bf4 Bb7 20. Rc7 Rxc7 21. Bxc7 Ba6 22.
Rb8+ Rxb8 23. Bxb8 Bc4 24. Bxa7 Bxa2 25. Bxd4 Bf8 26.
Nc3 Bc4 27. Ke3 h5 28. f4 Bb4 29. Ne2 Kf8 30. g3 Ke7 31. h3 Be1 32. g4 hxg4 33. hxg4 Ba5 34. g5 Bc7 35. Bf6+ Ke8 36. Nc3 Bb6+ 37.
Bd4 Ba5 38. Nd5 Be1 39. Nf6+ Kf8 40. Bc5+ Kg7 41. Ne8+ Kg8 42. Nd6 Ba2 43. Bd4 Bb4 44. e5 Bxd6 45. exd6 Be6 46. Bf6 Kf8 47. Kd4 Ke8 48. Ke5 Kd7 49. Be7 Bf5 50. Kf6 Be6 51. f5 gxf5 52. g6 fxg6 53. Kxg6 f4 54. Bh4 Kxd6 55. Kg5 f3 56. Kf4 Bd5 57. Bf2 Ke6 0-1

[Event "Late-Titled-Tuesday-Blitz-April-16-2024"]
[Site "Chess.com"]
[Date "2024.04.16"]
[Round "8"]
[White "Vincefm"]
[Black "ritanovikova"]
[Result "0-1"]
[WhiteElo "2288"]
[BlackElo "2181"]
[TimeControl "180+1"]
[EndTime "15:25:57 PDT"]
[Termination "ritanovikova won by checkmate"]

1. e4 d5 2. exd5 Qxd5 3. Nc3 Qd6 4. d4 a6 5. Nge2 Nf6 6. Bf4 Qb6 7. Qd2 Bf5 8. O-O-O e6 9. f3 c6 10. g4 Bg6 11. h4 h5 12. g5 Nd5 13. Nxd5 cxd5 14. Ng3 Nc6 15. Bd3 Bxd3 16. Qxd3 g6 17. Rhe1 O-O-O 18. Nf1 Bd6 19. Bxd6 Rxd6 20. f4 Kb8 21. Kb1 Rc8 22. c3 Na5 23. Nh2 Rdc6 24. Ka1 Nc4 25. Re2 a5 26. Nf3 a4 27. a3 Na5 28.
Ne5 R6c7 29. Rc2 Qb3 30. Rdd2 Nc4 31. Nxc4 Rxc4 32. Kb1 b5 33. Rc1 b4 34. axb4 a3 35.
Qc2 axb2 36. Qxb2 Rxc3 37. Qxb3 Rxb3+ 38. Rb2 Rcc3 39. Rxc3 Rxc3 40. Rc2 Rd3 41. Rc6 Rxd4 42. Rd6 Rxb4+ 43. Kc2 Rxf4 44. Rd7 Kc8 45. Re7 Kd8 46.
Ra7 Ke8 47. Ra8+ Ke7 48. Ra7+ Kd6 49. Kd3 Ke5 50. Ke3 Rf1 51. Rb7 d4+ 52. Kd3 Rf3+ 53. Ke2 Rf4 54. Rb5+ Ke4 55. Rb7 e5 56. Re7 Rxh4 57.
Rxf7 Rh2+ 58. Ke1 Ke3 59. Kd1 Rg2 60. Kc1 Rxg5 61. Rf1 e4 62. Re1+ Kd3 63. Kd1 e3 64. Rh1 Ke4 65. Ke1 d3 66. Rh4+ Rg4 67. Rh1 g5 68.
Rf1 h4 69. Rh1 Rg3 70. Rf1 h3 71. Rh1 g4 72. Rf1 Rg2 73. Rg1 Rxg1# 0-1

[Event "Late-Titled-Tuesday-Blitz-April-16-2024"]
[Site "Chess.com"]
[Date "2024.04.16"]
[Round "8"]
[White "JoakimVonAnd"]
[Black "SpeedofLight0"]
[Result "1/2-1/2"]
[WhiteElo "2696"]
[BlackElo "3030"]
[TimeControl "180+1"]
[EndTime "15:25:58 PDT"]
[Termination "Game drawn - insufficient material"]

1. d4 d6 2. Nf3 g6 3. g3 Bd7 4. Bg2 Qc8 5. h4 Nf6 6. c4 Bg7 7. Nc3 Nc6 8. d5 Nb8 9. e4 Bg4 10. Be3 e5 11. Qd2 a5 12. Nh2 Bd7 13. f3 Na6 14. g4 h5 15. g5 Ng8 16. Nf1 Ne7 17.
Ng3 f5 18. f4 O-O 19. O-O Nc5 20. Rae1 fxe4 21. Bxc5 dxc5 22. Ncxe4 exf4 23. Nf6+ Bxf6 24. gxf6 Nf5 25. Qxf4 Rxf6 26. Qg5 Rd6 27. Nxh5 Qd8 28. Nf4 Qxg5 29. hxg5 Nd4 30. Nd3 b6 31. Be4 Re8 32. Nf4 Bf5 33. Bxf5 Rxe1 34. Rxe1 Nxf5 35. Re8+ Kf7 36. Rc8 Rd7 37. Ne6 Nd6 38. Rf8+ Ke7 39. b3 Nf5 40. Rg8 c6 41. Nf4 Kf7 42. Rxg6 Nd4 43. Rf6+ Ke8 44. dxc6 Rc7 45. Nd5 Rxc6 46. Rxc6 Nxc6 47. Nxb6 Nb4 48. a3 Nc2 49. Na4 Nxa3 50. Nxc5 Kf7 51. Kf2 Kg6 52. Ne4 Kf5 53. Ke3 Nc2+ 54.
Kd3 Nb4+ 55. Kd4 Nc2+ 56. Kd3 Nb4+ 57. Kd4 Nc2+ 58. Kc3 Nb4 59. Nc5 Kxg5 60. Nb7 Nc6 61. c5 Kf5 62. Kc4 Ke6 63. Kb5 Nd4+ 64. Kc4 Nc6 65. Kb5 Nd4+ 66. Ka4 Kd5 67. Kxa5 Nxb3+ 68. Kb6 Nxc5 1/2-1/2

[Event "Late-Titled-Tuesday-Blitz-April-16-2024"]
[Site "Chess.com"]
[Date "2024.04.16"]
[Round "8"]
[White "cthulhuuu"]
[Black "JiangoFett"]
[Result "1-0"]
[WhiteElo "2466"]
[BlackElo "2535"]
[TimeControl "180+1"]
[EndTime "15:26:03 PDT"]
[Termination "cthulhuuu won on time"]

1. e4 c5 2. Nf3 Nc6 3. g3 g6 4.
Bg2 Bg7 5. O-O d6 6. Re1 e5 7. d3 Nge7 8. Nc3 h6 9. Nd2 O-O 10. Nc4 Rb8 11. a4 a6 12. a5 Be6 13. Nd5 Bxd5 14. exd5 Nd4 15. c3 Nb5 16. f4 exf4 17. Bxf4 Re8 18. Qf3 g5 19. Bd2 Nc7 20. Qh5 Nexd5 21.
Rf1 Nf6 22. Qf3 d5 23. Nb6 Qd6 24. h4 Ne6 25. Nxd5 Nxd5 26. Qxd5 Qxg3 27. hxg5 hxg5 28. Rf3 Qe5 29. Rf5 Qxd5 30. Bxd5 Rbd8 31. Bc4 Rd6 32. Bxg5 Nxg5 33. Rxg5 Re5 34. Rxe5 Bxe5 35. Rf1 Rg6+ 36. Kf2 Rf6+ 37. Ke2 Rxf1 38. Kxf1 Bc7 39. Bd5 b6 40. axb6 Bxb6 41. Ke2 Kg7 42. Kf3 f6 43.
Ke4 Kg6 44. Bb7 a5 45. Kd5 f5 46.
Kc6 Ba7 47. Kb5 Kf6 48. Kxa5 Ke5 49. Ka6 Bb8 50. Kb6 Bd6 51. Bh1 Kf4 52. Kc6 Bf8 53.
d4 cxd4 54. cxd4 Ke3 55. d5 Kd3 56. d6 Bxd6 57. Kxd6 Kc4 58. Bd5+ Kb4 59. Ke5 Kc5 60. Bg8 1-0

[Event "Late-Titled-Tuesday-Blitz-April-16-2024"]
[Site "Chess.com"]
[Date "2024.04.16"]
[Round "8"]
[White "Fengwi"]
[Black "ansko1999"]
[Result "0-1"]
[WhiteElo "2457"]
[BlackElo "2585"]
[TimeControl "180+1"]
[EndTime "15:26:04 PDT"]
[Termination "ansko1999 won by resignation"]

1. Nf3 b6 2. g3 Bb7 3. Bg2 Nf6 4. b3 g6 5. Bb2 Bg7 6. O-O O-O 7. c4 c5 8. Nc3 d6 9. d4 cxd4 10. Nxd4 Bxg2 11. Kxg2 Qc7 12. e3 Qb7+ 13. Qf3 Qxf3+ 14. Kxf3 Rc8 15. Rac1 Nc6 16. Nd5 Nxd5 17. cxd5 Bxd4 18.
Bxd4 Nb4 19. e4 Nxa2 20. Rc4 Rxc4 21. bxc4 Nb4 22. Bc3 Nd3 23. Ra1 Nc5 24. Ke3 f6 25. f4 Kf7 26. e5 f5 27. e6+ Ke8 28. h3 Kd8 29. g4 Kc7 30. Rg1 Rf8 31. Bg7 Rg8 32.
Bh6 fxg4 33. hxg4 a5 34. Bg5 Kd8 35. Rh1 Rh8 36. Rb1 Na4 37. Ra1 Nc5 38. Rb1 h6 39. Bh4 Na4 40. f5 g5 41. Be1 Kc7 42. Ra1 Nc5 43. Bc3 Rf8 44. Rh1 a4 45. Rxh6 a3 46.
Rh7 Re8 47. f6 a2 48. Rxe7+ Kd8 49. Rxe8+ Kxe8 50. f7+ Kf8 51. Bb2 Na4 52. Ba1 Nc5 53.
Kd2 Nb3+ 54. Kc2 Nxa1+ 55. Kb2 Nc2 56. Kxa2 Ne3 57. Kb3 Nxg4 58. Kb4 Ne3 59. Kb5 g4 60. Kc6 Ke7 61. f8=Q+ Kxf8 62. Kd7 Nf5 63. e7+ Nxe7 64. Kxd6 g3 65. Kd7 g2 66. d6 Nf5 67. Ke6 Nxd6 68. Kxd6 g1=Q 69. Kd5 Qc5+ 0-1

[Event "Late-Titled-Tuesday-Blitz-April-16-2024"]
[Site "Chess.com"]
[Date "2024.04.16"]
[Round "8"]
[White "AEMEffi"]
[Black "ChadBiryani"]
[Result "0-1"]
[WhiteElo "2287"]
[BlackElo "2466"]
[TimeControl "180+1"]
[EndTime "15:26:05 PDT"]
[Termination "ChadBiryani won on time"]

1. d4 f5 2. c4 Nf6 3. Nc3 g6 4.
Nh3 d6 5. g3 Bg7 6. Bg2 O-O 7.
O-O c6 8. Nf4 e5 9. dxe5 dxe5 10. Nh3 Qc7 11. e4 f4 12. gxf4 Bxh3 13. Bxh3 exf4 14. c5 Qe5 15. Qd6 Qg5+ 16. Kh1 Nh5 17. Ne2 Na6 18. Ng3 Qh4 19. Be6+ Kh8 20. Nxh5 Qxh5 21. Bxf4 Rxf4 22. Qxf4 Be5 23. Bg4 Bxf4 24. Bxh5 gxh5 25. b4 Re8 26. f3 Be5 27. Rad1 Nxb4 28. Rd7 Na6 29. Rxb7 Nxc5 30. Rxa7 Nd3 31. Rd7 Nf4 32.
Rb1 h4 33. Rbb7 h3 34. Rxh7+ Kg8 35. Kg1 Bd4+ 36. Kf1 c5 37. a4 c4 38. Rhd7 Be3 39.
Ke1 Nd3+ 40. Ke2 Bh6 41. Rbc7 Rb8 42. Rxc4 Rb2+ 43. Kxd3 Rd2+ 44. Kc3 Rxd7 45. Rc6 Bf4 46. Rg6+ Kh7 47. Rg4 Bxh2 48. Rh4+ Kg6 49. Rxh3 Be5+ 50. Kc4 Kg5 51. Kb5 Kf4 52. a5 Rb7+ 53. Kc6 Rb1 54. Rh5 Bd4 55. Rf5+ Ke3 56. a6 Rb6+ 57. Kd5 Rxa6 58. e5 Ra5+ 59. Kd6 Ra6+ 60. Kd5 Bc3 61. f4 Ra5+ 62. Kd6 Ra6+ 63. Kd5 Ra5+ 64. Kd6 Ke4 65. Rf7 Ra6+ 66. Kd7 Kd5 67. e6 Ra7+ 68. Ke8 Ra8+ 69. Kd7 Bb4 0-1

[Event "Late-Titled-Tuesday-Blitz-April-16-2024"]
[Site "Chess.com"]
[Date "2024.04.16"]
[Round "8"]
[White "dropstoneDP"]
[Black "MikaelyanArman"]
[Result "1-0"]
[WhiteElo "3050"]
[BlackElo "2756"]
[TimeControl "180+1"]
[EndTime "15:26:06 PDT"]
[Termination "dropstoneDP won by resignation"]

1. e4 c5 2. Nf3 Nc6 3. Nc3 e5 4.
Bc4 Be7 5. d3 d6 6. O-O h6 7.
Nd5 Nf6 8. c3 O-O 9. a4 Be6 10.
Nxf6+ Bxf6 11. Bxe6 fxe6 12. Be3 b6 13. b4 cxb4 14.
cxb4 Nxb4 15. Qb3 a5 16. Qxe6+ Kh8 17. Rac1 Nxd3 18. Rcd1 Nc5 19. Bxc5 bxc5 20. Rxd6 Qc8 21. Qd5 Rd8 22. Rxd8+ Qxd8 23. Qxc5 Qd3 24. Re1 Qb3 25. Ra1 Rd8 26. Qxa5 Rd1+ 27. Rxd1 Qxd1+ 28. Qe1 Qxa4 29. h4 h5 30. g3 Kh7 31. Qe2 g6 32. Kg2 Qc6 33.
Qd3 Kg7 34. Nd2 Qe6 35. Nc4 Qe7 36. Ne3 Qe6 37. Nd5 Be7 38. Qb5 Bf6 39. Qb7+ Kh6 40.
Qa8 Bg7 41. Qd8 Qc6 42. Qg5+ Kh7 43. Qe3 Qe6 44. Qf3 Qd7 45. Qb3 Qe6 46. Qc4 Qg4 47.
Ne3 Qd7 48. Qd5 Qe7 49. Nc4 Qf6 50. Nd6 Qe7 51. Nf7 Bf6 52. Nd6 Kg7 53. Nc4 Kh7 54. Qc6 Bg7 55. Ne3 Qf7 56. Nd5 Qf8 57. Qe6 Kh6 58.
Ne7 Bf6 59. Qxf6 Qxf6 60. Ng8+ Kg7 61. Nxf6 Kxf6 62. f4 Ke6 63. Kf3 Kf6 64. Ke3 Ke6 65.
Kd3 Kd6 66. Kc4 Ke6 67. Kc5 exf4 68. gxf4 Kf6 69. Kd6 Kf7 70. e5 1-0

[Event "Late-Titled-Tuesday-Blitz-April-16-2024"]
[Site "Chess.com"]
[Date "2024.04.16"]
[Round "8"]
[White "DirtyKabab"]
[Black "SilverCityIndigo"]
[Result "0-1"]
[WhiteElo "2513"]
[BlackElo "2434"]
[TimeControl "180+1"]
[EndTime "15:26:09 PDT"]
[Termination "SilverCityIndigo won by checkmate"]

1. e4 Na6 2. Nf3 c6 3. d4 Nc7 4.
c4 d5 5. cxd5 cxd5 6. e5 Bg4 7.
Nc3 e6 8. h3 Bxf3 9. Qxf3 Ne7 10. Bd3 Nc6 11. Be3 Qh4 12. Ne2 Bb4+ 13. Kf1 Be7 14. g3 Nxe5 15. dxe5 Qb4 16. b3 O-O 17. Kg2 f6 18. Qg4 Qxg4 19. hxg4 fxe5 20. Bxh7+ Kf7 21. Rac1 Nb5 22. a4 Nd6 23. Rc7 Rfc8 24. Bg6+ Kxg6 25.
Rxe7 Kf6 26. Rd7 Ne4 27. Rh7 Rc2 28. Rhxg7 Rf8 29. Bg5+ Nxg5 30. Ng1 Nf7 31. Rh7 Kg6 32. Rh5 Ng5 33. Rxg5+ Kxg5 34. Nf3+ Kf6 35. g5+ Kf5 36.
Rg7 Ke4 37. Nh4 Rfxf2+ 38. Kh3 d4 39. g6 Rf6 40. Rxb7 Rc8 41. g7 d3 42. Rxa7 Rd8 43.
Rd7 Rxd7 44. g8=Q d2 45. Qa8+ Rd5 46. Qh8 Rf2 47. Qh7+ Ke3 48. Qh6+ Ke2 49. Qh5+ Ke1 50. Nf3+ Rxf3 51. Qxf3 d1=Q 52. Qh1+ Kd2 53. Qe4 Qh5+ 54. Kg2 Qe2+ 55. Qxe2+ Kxe2 56. g4 Rd4 57. Kg3 e4 58. g5 e3 59. g6 Kf1 60. Kf3 e2 61. g7 Rd8 62. g8=Q Rxg8 63. a5 e1=Q 64. a6 Qa5 65. a7 Qxa7 66. b4 Qd4 67. b5 e5 68. b6 Qf4# 0-1

[Event "Late-Titled-Tuesday-Blitz-April-16-2024"]
[Site "Chess.com"]
[Date "2024.04.16"]
[Round "8"]
[White "BardArtem"]
[Black "ChessSwole"]
[Result "1-0"]
[WhiteElo "2830"]
[BlackElo "2673"]
[TimeControl "180+1"]
[EndTime "15:26:10 PDT"]
[Termination "BardArtem won by resignation"]

1. e4 e5 2. d4 exd4 3. Qxd4 Nc6 4. Qd3 Nf6 5. Nc3 Bc5 6. Qg3 d5 7. Bd3 dxe4 8. Nxe4 Nxe4 9. Bxe4 Qe7 10. f3 f5 11.
Bg5 Qe6 12. Ne2 fxe4 13. Nf4 Qe5 14. O-O-O O-O 15. Rhe1 h6 16. Rd5 hxg5 17. Rxe5 gxf4 18. Qg5 Nxe5 19. Qxe5 Be3+ 20. Kb1 Bf5 21. fxe4 Rae8 22.
Qd5+ Be6 23. Qxb7 Bb6 24. e5 Rd8 25. Qc6 Rfe8 26. a3 Bd5 27. Qg6 Re6 28. Qg5 Rf8 29.
h4 Be3 30. Qg4 Rxe5 31. h5 Rf6 32. Qc8+ Kh7 33. Qxc7 Bxg2 34. Qxe5 Kh6 35. Rxe3 fxe3 36.
Qxe3+ Kxh5 37. Qxa7 Be4 38. b3 g5 39. Qd4 Rf4 40.
Qh8+ Kg4 41. a4 Rf2 42. Qc8+ Kf3 43. Qf8+ Ke2 44. Qe7 Kf3 45. Qxg5 Bxc2+ 46. Kc1 Be4 47. Qf6+ Ke3 48. Qc3+ Kf4 49. Qf6+ Ke3 50. Qb6+ Kf3 51. a5 Rc2+ 52. Kd1 Ra2 53. a6 Bc2+ 54. Kc1 Bd3 55.
a7 Be4 56. b4 Rc2+ 57. Kd1 Ra2 58. b5 Bc2+ 59. Kc1 Be4 60. Qf6+ Ke3 61. Qb6+ Kd3 62.
Qd6+ Kc3 63. Qc5+ Kd3 64. b6 Ra1+ 65. Kb2 Ra4 66. Qc2+ Ke3 67. Qxa4 1-0

[Event "Late-Titled-Tuesday-Blitz-April-16-2024"]
[Site "Chess.com"]
[Date "2024.04.16"]
[Round "8"]
[White "Romkachess"]
[Black "Leebit02"]
[Result "0-1"]
[WhiteElo "2672"]
[BlackElo "2563"]
[TimeControl "180+1"]
[EndTime "15:26:11 PDT"]
[Termination "Leebit02 won by resignation"]

1. e4 c5 2. Nf3 e6 3. d4 cxd4 4. Nxd4 Nc6 5. Nc3 a6 6. Be3 Nf6 7. a3 d6 8. Be2 Bd7 9. g4 Nxd4 10. Bxd4 Bc6 11. Bf3 d5 12. e5 Ne4 13. Qe2 Nxc3 14.
bxc3 Qa5 15. Qe3 Be7 16. O-O Qa4 17. h3 Qxc2 18. Rfc1 Qg6 19. c4 O-O 20. cxd5 Bxd5 21. Bxd5 exd5 22. Rc7 Bg5 23. Qf3 b5 24. Rd1 Rad8 25.
Qg3 Qh6 26. Kg2 Bf4 27. Qf3 f6 28. e6 Bxc7 29. e7 Qf4 30. exf8=Q+ Kxf8 31. Bc5+ Kf7 32. Qxf4 Bxf4 33. Kf3 Be5 34. Re1 Ke6 35. Ke2 g5 36. Kd3 Rc8 37. Bd4 Rc4 38. Bb2 Kd6 39. Bc1 Rc3+ 40.
Kd2 Rc4 41. Kd3 Rc3+ 42. Kd2 Rxh3 43. Ke2 d4 44. Bd2 Kd5 45. Ra1 Ke4 46. f3+ Rxf3 47. Re1 d3+ 48. Kd1+ Kd5 49. Rh1 Rg3 50. Be1 Rxg4 51.
Kd2 Kd4 52. Bf2+ Ke4 53. Re1+ Kf3 54. Bc5 Rc4 55. Bb4 Rd4 56. Rf1+ Ke4 57. Re1+ Kd5 58.
Rh1 Bf4+ 59. Kd1 d2 60. Rxh7 Rd3 61. Rd7+ Kc4 62. Re7 Rf3 63. Kc2 Rf1 64. Bxd2 Rf2 65. Rd7 Rxd2+ 66. Rxd2 Bxd2 67. Kxd2 Kb3 68. a4 Kxa4 69. Kc3 g4 70. Kb2 g3 0-1

[Event "Late-Titled-Tuesday-Blitz-April-16-2024"]
[Site "Chess.com"]
[Date "2024.04.16"]
[Round "8"]
[White "MaxLeto"]
[Black "simaopdias"]
[Result "1-0"]
[WhiteElo "2421"]
[BlackElo "2242"]
[TimeControl "180+1"]
[EndTime "15:26:24 PDT"]
[Termination "MaxLeto won by resignation"]

1. g4 d5 2. Bg2 e6 3. d4 Bd6 4. c4 dxc4 5. Nc3 c6 6. Nf3 Nf6 7. g5 Nd5 8. e4 Nf4 9. Bxf4 Bxf4 10.
h4 Bd6 11. Nd2 b5 12. e5 Bb4 13. Nxb5 cxb5 14. Bxa8 Qxd4 15. Qc2 O-O 16. O-O-O Qxe5 17. Nf3 Qc7 18. Nd4 a6 19. Kb1 Bd7 20. Be4 Nc6 21. Bxh7+ Kh8 22. h5 Nxd4 23. Rxd4 Bc6 24. Be4 Qe5 25.
Rhd1 Bc5 26. f4 Bxe4 27. Rxe4 Qf5 28. h6 gxh6 29. Rh1 Rd8 30. Rxh6+ Kg7 31. Rh1 Kf8 32. Rh8+ Ke7 33. Rxd8 Kxd8 34. a3 Ke7 35. Ka2 Bd6 36. Qe2 Bxf4 37. Qf3 e5 38. Re2 Qxg5 39. Qb7+ Kf6 40.
Qxa6+ Kg7 41. Qxb5 c3 42. Qb3 cxb2 43. Qxb2 Kf6 44.
Rg2 Qf5 45. Qb6+ Ke7 46. Qc7+ Kf6 47. Qd6+ Qe6+ 48. Qxe6+ Kxe6 49. Kb3 Kd5 50. a4 e4 51. a5 Bc7 52. a6 Bb6 53. Rg7 e3 54. Kc2 Ke6 55. Kd3 Ke5 56. Rxf7 Bc5 57. a7 Bxa7 58. Rxa7 Kf4 59. Ke2 Ke4 60. Ra3 Kd4 61. Rxe3 Kd5 62. Kd3 Kc5 63. Re4 Kd6 64. Rd4+ Kc6 65. Ke4 Kc5 66.
Rd5+ Kc6 67. Ke5 Kb6 68. Kd6 Kb7 69. Rb5+ Kc8 70. Rb4 1-0

[Event "Late-Titled-Tuesday-Blitz-April-16-2024"]
[Site "Chess.com"]
[Date "2024.04.16"]
[Round "8"]
[White "rdarruda"]
[Black "micke12a"]
[Result "1-0"]
[WhiteElo "2551"]
[BlackElo "2439"]
[TimeControl "180+1"]
[EndTime "15:26:28 PDT"]
[Termination "rdarruda won by resignation"]

1. d4 Nf6 2. Nf3 d5 3. g3 c5 4. Bg2 Nc6 5. O-O e6 6. c4 dxc4 7. Qa4 cxd4 8. Nxd4 Qxd4 9. Bxc6+ Bd7 10. Bxd7+ Qxd7 11. Qxc4 Rc8 12. Qb3 Bc5 13. Nc3 O-O 14.
Bg5 Ng4 15. Rad1 Qc6 16. Qa4 h6 17. Qxg4 hxg5 18. Qxg5 b5 19. a3 a5 20. Qf4 b4 21.
axb4 axb4 22. Ne4 Be7 23. Rc1 Qd5 24. Rfd1 Qb3 25. Qd2 Rfd8 26. Rxc8 Rxc8 27. Rc1 Rd8 28. Qc2 Qxc2 29. Rxc2 f5 30. Nd2 Bf6 31. Nc4 b3 32. Rd2 Rc8 33. Na5 Rc2 34. Nxb3 Rxb2 35. Rxb2 Bxb2 36.
f3 Kf7 37. e4 fxe4 38. fxe4 Kf6 39. Kf2 Ke5 40. Kf3 Bc3 41. Nc5 Kd6 42. Nd3 Bd4 43. Kf4 Ke7 44. h4 Kf7 45. Ne5+ Kf6 46. Nc6 Bb6 47. e5+ Kf7 48. h5 Bc7 49. g4 Kg8 50. g5 Kf7 51. g6+ Ke8 52. Nd4 Ke7 53. Ke4 Bb6 54. Nf3 Bc7 55. Nd2 Bb6 56. Nc4 Bf2 57.
Nd6 Bh4 58. Nf7 Kf8 59. Kf4 Be7 60. Ng5 Bxg5+ 61. Kxg5 Kg8 62. h6 Kh8 63. hxg7+ Kxg7 64. Kh5 Kg8 65. Kh4 Kf8 66. Kg4 Kg8 67. Kf4 Kf8 68.
Kg5 Kg7 69. Kh5 Kg8 70. Kh6 Kh8 71. g7+ Kg8 72. Kh5 Kxg7 73. Kg5 Kf7 74. Kh6 Kf8 75. Kg6 Ke7 76. Kg7 Kd8 77. Kf6 Kd7 78. Kf7 Kd8 79.
Kxe6 Ke8 80. Kf6 Kf8 81. e6 Ke8 82. e7 Kd7 83. Kf7 Kd6 84. e8=Q 1-0